 Dungeon Crawl Stone Soup version 0.30.1-4-g462c640d31 (webtiles) character file.

Game seed: 13709007885867945417

41 safid the Chiller (level 3, -2/27 HPs)
             Began as a Merfolk Ice Elementalist on Aug 25, 2023.
             Slain by a goblin
             ... wielding a +0 dagger
              (4 damage)
             ... on level 2 of the Dungeon on Aug 28, 2023.
             The game lasted 00:02:11 (794 turns).

safid the Chiller (Merfolk Ice Elementalist)         Turns: 794, Time: 00:02:12

Health: -2/27      AC:  2    Str:  8    XL:     3   Next: 52%
Magic:  6/6        EV: 12    Int: 16    God:
Gold:   79         SH:  0    Dex: 14    Spells: 0/7 levels left

rFire   + . .        c - +0 trident
rCold   + . .        (no shield)
rNeg    . . .        a - +0 robe
rPois   +            (no helmet)
rElec   +            (no cloak)
rCorr   +            (no gloves)
SInv    .            (no boots)
Will    .....        f - amulet of magic regeneration
Stlth   ++           (no ring)
HPRegen 0.24/turn    (no ring)
MPRegen 0.50/turn

%: no passive effects
@: lethally poisoned (-2 -> -12), resistant, very slightly contaminated
A: (nimble swimmer 2), mertail
a: no special abilities


You were on level 2 of the Dungeon.
You visited 1 branch of the dungeon, and saw 2 of its levels.

You collected 79 gold pieces.

Inventory:

Hand Weapons
 c - a +0 trident (weapon)
Armour
 a - a +0 robe (worn)
Jewellery
 f - an amulet of magic regeneration (around neck)
Scrolls
 e - 2 scrolls of identify {unknown}
 g - 3 scrolls of enchant armour {unknown}
 h - a scroll of magic mapping {unknown}
 i - a scroll of fog {unknown}
Potions
 b - a potion of magic
 d - a potion of resistance


   Skills:
 + Level 1.8 Fighting
 - Level 2.6 Dodging
 - Level 2.1 Stealth
 + Level 2.6 Spellcasting
 + Level 4.8 Ice Magic


You couldn't memorise any spells.
You knew the following spells:

 Your Spells              Type           Power      Damage    Failure   Level
a - Freeze                Ice            68%        1d8       2%          1
b - Frozen Ramparts       Ice            34%        1d6       8%          3
c - Ozocubu's Armour      Ice            17%        N/A       8%          3

Your spell library contained the following spells:

 Spells                   Type           Power      Damage    Failure   Level
 Summon Ice Beast         Ice/Summ       9%         N/A       58%         4
 Animate Dead             Necr           2%         N/A       89%         4
 Borgnjor's Vile Clutch   Necr/Erth      1%         N/A       99%         5
 Death Channel            Necr           1%         N/A       100%        6


Dungeon Overview and Level Annotations

Branches:
Dungeon (2/15)

Altars:


Innate Abilities, Weirdness & Mutations

((You are very nimble when in or above water. (Stealth+, EV+, Speed+++)))
Your lower body shifts to a powerful aquatic tail in water.


Message History

A goblin comes into view. It is wielding a +0 dagger of venom.
The goblin shouts!
You hear a shout!
You miss the goblin. The goblin barely misses you.
You completely miss the goblin. Your punch misses the goblin.
The goblin hits you with a +0 dagger of venom.
You miss the goblin.
The goblin hits you with a +0 dagger of venom.
You are poisoned.
You closely miss the goblin.
You feel sick. The goblin hits you but does no damage.
The goblin hits you with a +0 dagger of venom.
You are more poisoned.
Casting: Freeze (safe; 2% risk of failure)
Confirm with . or Enter, or press ? or * to list all spells.
Aiming: Freeze (safe; 2% risk of failure)
Press: ? - help, Shift-Dir - straight line, f - goblin
Aim: a goblin, wielding a +0 dagger of venom You miscast Freeze.
You are very lightly contaminated with residual magic.
Nothing appears to happen.
You feel very sick.
The goblin hits you with a +0 dagger of venom.
You are lethally poisoned!
Casting: Freeze (safe; 2% risk of failure)
Confirm with . or Enter, or press ? or * to list all spells.
Aiming: Freeze (safe; 2% risk of failure)
Press: ? - help, Shift-Dir - straight line, f/p - goblin
Aim: a goblin, wielding a +0 dagger of venom You freeze the goblin!
You kill the goblin!
You feel very sick.
A goblin comes into view. It is wielding a +0 dagger.
It was a potion of resistance.
You feel protected.
* * * LOW HITPOINT WARNING * * *
You feel very sick.
* * * LOW HITPOINT WARNING * * *
You feel very sick. The goblin hits you with a +0 dagger.
You die...

#..##.##
##.....#...#...#.#
#.....#
##...###..††.####
##.#### ##+# ##._.##
#.# ### ####
.####.....# #.# #.. ..#
.#.#...#...# #.#
#.#####.##......###....
#.# #.##........#..#
#..#. #.#
#.##.##....###. .## .
#.# #.##.##.#@..#.. ..
##.###.##.##.##g.....#
#.#..........# .......
##.########### ......#
### .#...## .##### .#
..


You could see a goblin.

Vanquished Creatures
  An adder (D:2)
  A dart slug (D:1)
  3 bats (D:1)
  An endoplasm (D:2)
  2 giant cockroaches (D:1)
  6 goblins
  2 hobgoblins (D:1)
  A kobold (D:1)
  A quokka (D:1)
  6 ball pythons (D:2)
  4 frilled lizards (D:1)
28 creatures vanquished.

Notes
Turn   | Place    | Note
-------+----------+-------------------------------------------
     0 | D:1      | safid the Merfolk Ice Elementalist began the quest for the
                  | Orb.
     0 | D:1      | Reached XP level 1. HP: 13/13 MP: 3/3
   129 | D:1      | Reached XP level 2. HP: 18/20 MP: 5/5
   131 | D:1      | Reached skill level 1 in Fighting
   623 | D:2      | Reached XP level 3. HP: 26/26 MP: 3/6
   624 | D:2      | Found a faded altar of an unknown god.
   683 | D:2      | Learned a level 3 spell: Frozen Ramparts
   687 | D:2      | Learned a level 3 spell: Ozocubu's Armour
   794 | D:2      | Slain by a goblin

Illustrated notes

Levels and vault maps discovered:
D:1:      psy_arrival_fountain, layout_rooms, grunt_decor_one_mirror,
          nicolae_figureground_pulse
D:2:      layout_loops_corners, basic_altar, nicolae_ecumenical_snake_handling,
          corexii_hall_statues_u

Skill      XL: |  1  2 |
---------------+-------+-----
Fighting       | 1 |  1.8
Dodging        | |  2.6
Stealth        | |  2.1
Spellcasting   | |  2.6
Ice Magic      | |  4.8

Action                     || total
---------------------------++-------
  Melee: Trident           ||    53
   Cast: Freeze            ||    15
    Use: Potion            ||     1
   Stab: Sleeping          ||     3
 Armour: Robe              ||    10
  Dodge: Dodged            ||    41
